 Dungeon Crawl Stone Soup version 0.32-a0-520-g344ed53f66 (webtiles) character file.

Game seed: 4397559522480531668

109 pokeman the Magician (level 4, 0/25 HPs)
             Began as a Deep Elf Hedge Wizard on Feb 28, 2024.
             Slain by a ball python (1 damage)
             ... in a sewer.
             The game lasted 00:04:55 (2829 turns).

pokeman the Magician (Deep Elf Hedge Wizard)        Turns: 2829, Time: 00:04:55

Health: 0/25       AC:  2    Str:  7    XL:     4   Next: 59%
Magic:  2/13       EV:  3    Int: 21    God:
Gold:   57         SH:  0    Dex: 14    Spells: 6/14 levels left

rFire   . . .        a - +0 dagger
rCold   . . .        (no shield)
rNeg    . . .        b - +0 robe
rPois   .            c - +0 hat
rElec   .            (no cloak)
rCorr   .            (no gloves)
SInv    .            (no boots)
Will    .....        (no amulet)
Stlth   ++           (no ring)
HPRegen 0.24/turn    (no ring)
MPRegen 0.13/turn

%: no passive effects
@: constricted
A: no striking features
a: no special abilities


You were in a sewer.
You visited 1 branch of the dungeon, and saw 3 of its levels.
You also visited: Sewer.

You collected 57 gold pieces.

Inventory:

Hand Weapons
 a - a +0 dagger (weapon)
Armour
 b - a +0 robe (worn)
 c - a +0 hat (worn)
Scrolls
 f - 3 scrolls of teleportation {unknown}
 g - a scroll of brand weapon {unknown}
 i - 3 scrolls of identify {unknown}
 j - 2 scrolls of fog {unknown}
 k - a scroll of enchant armour {unknown}
Potions
 d - a potion of magic
 e - 2 potions of enlightenment {unknown}
 h - 2 potions of attraction {unknown}
 l - a potion of degeneration {unknown}
 m - a potion of cancellation {unknown}


   Skills:
 - Level 1.0 Fighting
 - Level 1.0 Armour
 + Level 2.9 Dodging
 + Level 2.9 Stealth
 * Level 5.8 Spellcasting
 + Level 2.2 Conjurations
 - Level 1.1 Summonings
 - Level 1.1 Translocations


You had 6 spell levels left.
You knew the following spells:

 Your Spells              Type           Power      Damage    Failure   Level
a - Magic Dart            Conj           60%        1d6       4%          1
b - Mephitic Cloud        Conj/Alch/Air  9%         N/A       22%         3
c - Call Imp              Summ           20%        N/A       10%         2
d - Blink                 Tloc           20%        N/A       10%         2

Your spell library contained the following spells:

 Spells                   Type           Power      Damage    Failure   Level
 Apportation              Tloc           20%        N/A       6%          1
 Sting                    Conj/Alch      40%        1d5       6%          1
 Summon Small Mammal      Summ           40%        N/A       6%          1
 Necrotise                Necr           24%        1d5       10%         1
 Slow                     Hex            24%        N/A       10%         1
 Cigotuvi's Dreadful Rot  Necr/Alch/Air  12%        N/A       16%         2
 Mercury Vapours          Alch/Air       12%        N/A       16%         2
 Scorch                   Fire           12%        2d5       16%         2
 Flame Wave               Conj/Fire      10%        2d6       54%         4
 Freezing Cloud           Conj/Ice/Air   4%         6-21      90%         5
 Summon Cactus Giant      Summ           5%         N/A       100%        6


Dungeon Overview and Level Annotations

Branches:
Dungeon (3/15)              Sewer (1/1)

Altars:


Message History

Unknown command.
The rat squeaks loudly.
You hit the adder.
The adder is almost dead.
The adder is engulfed in noxious fumes.
The adder appears confused.
The adder closely misses you.
An adder comes into view.
The adder barely misses the adder.
The rat closely misses you.
Unknown command.
Casting: Magic Dart (safe; 4% risk of failure)
Confirm with . or Enter, or press ? or * to list all spells.
Aiming: Magic Dart (safe; 4% risk of failure)
Press: ? - help, Shift-Dir - straight line, f - ball python
Aim: a ball python (100% to hit)
The magic dart hits the ball python.
The ball python is heavily wounded.
The adder is engulfed in noxious fumes.
The adder appears confused.
The adder closely misses the river rat.
The ball python misses you. The ball python closely misses you.
The rat twitches its whiskers.
The adder is engulfed in noxious fumes.
The adder appears confused.
Casting: Magic Dart (safe; 4% risk of failure)
Confirm with . or Enter, or press ? or * to list all spells.
Aiming: Magic Dart (safe; 4% risk of failure)
Press: ? - help, Shift-Dir - straight line, f/p - ball python
Aim: a ball python (heavily wounded, 100% to hit)
The magic dart hits the ball python.
The ball python is severely wounded.
An adder comes into view.
The ball python bites you. The ball python grabs you.
The ball python constricts you.
A rat comes into view.
A frilled lizard comes into view.
The ball python bites you but does no damage.
The ball python constricts you.
Unknown command.
The ball python's grasp on you weakens, but your attempt to escape fails.
The river rat bites you!
* * * LOW HITPOINT WARNING * * *
The ball python bites you.
You die...

##....~≈≈≈≈≈≈~.
##.....~~≈≈≈≈~..
#.......~≈≈≈≈~r.
#.......~≈≈≈~~..
#......~~≈≈≈r~..
##.....~~≈≈rr.S#
#....S.~S≈r~~#
##.....☼○☼≈~.#
####....@☼§r≈...#
#∩###...Srr≈~....
#.###†..rrrrS~...
#..#.......r~~...
##........~~~..l.
##........≈~~...
##......~≈~~...
#....~~≈≈~~..
.....~≈~≈~~~.


You could see 4 adders, a river rat, a ball python, a frilled lizard and 12
rats.

Vanquished Creatures
  2 river rats
  2 adders
  2 dart slugs
  2 ribbon worms
  8 endoplasms
  3 giant cockroaches
  3 hobgoblins
  2 jackals (D:1)
  9 kobolds
  3 quokkas
  4 ball pythons
  4 bats
  A frilled lizard (D:1)
  8 goblins
  6 rats
59 creatures vanquished.

Notes
Turn   | Place    | Note
-------+----------+-------------------------------------------
     0 | D:1      | pokeman the Deep Elf Hedge Wizard began the quest for the
                  | Orb.
     0 | D:1      | Reached XP level 1. HP: 10/10 MP: 7/7
   345 | D:1      | Reached XP level 2. HP: 15/15 MP: 5/9
   839 | D:1      | Reached skill level 5 in Spellcasting
  1156 | D:1      | Found a faded altar of an unknown god.
  1283 | D:1      | Reached XP level 3. HP: 20/20 MP: 5/11
  1287 | D:1      | Learned a level 3 spell: Mephitic Cloud
  1290 | D:1      | Learned a level 2 spell: Call Imp
  1293 | D:1      | Learned a level 2 spell: Blink
  1417 | D:2      | Reached skill level 1 in Armour
  1694 | D:2      | Reached skill level 1 in Fighting
  2373 | D:3      | Reached XP level 4. HP: 25/25 MP: 7/13
  2544 | D:3      | Found a glowing drain.
  2638 | Sewer    | Entered a sewer
  2829 | Sewer    | HP: 1/25 [river rat (7)]
  2829 | Sewer    | Slain by a ball python

Illustrated notes

Levels and vault maps discovered:
D:1:      roderic_crossed_star, layout_loops_ring,
          ebering_ecumenical_altar_ruins, nicolae_hexahallways
D:2:      layout_loops_ring, minmay_pentomino_z4
D:3:      layout_loops_corners, serial_shops, shop, portal_sewer_entry_e,
          kennysheep_orc_chapel
Sewer:    sewer_minmay_treatment

Skill      XL: |  1  2  3 |
---------------+----------+-----
Spellcasting   | 5 |  5.8
Armour         | 1 |  1.0
Fighting       | 1 |  1.0
Conjurations   | 2 |  2.2
Dodging        | |  2.9
Stealth        | |  2.9
Summonings     | |  1.1
Translocations | |  1.1

Action                     |  1- 3 |  4- 6 || total
---------------------------+-------+-------++-------
  Melee: Dagger            |    19 |     4 ||    23
   Cast: Magic Dart        |   127 |    45 ||   172
         Mephitic Cloud    |     2 |     2 ||     4
         Call Imp          |     1 |       ||     1
   Stab: Confused          |     2 |     1 ||     3
         Sleeping          |     1 |       ||     1
 Armour: Robe              |    25 |    21 ||    46
  Dodge: Dodged            |    27 |    17 ||    44
         Repelled          |     1 |     1 ||     2

Table legend: (Time is in decaauts)
 A = Elapsed time spent in this place.
 B = Non-inter-level travel time spent in this place.
 C = Inter-level travel time spent in this place.
 D = Time resting spent in this place.
 E = Time spent auto-exploring this place.
 F = Levels seen in this place.
 G = Mean time per level.
                   A        B        C        D        E       F      G
               +--------+--------+--------+--------+--------+-----+--------+
         Total |   2831 |   2798 |     33 |    151 |   2217 |   4 |  707.8 |
       Dungeon |   2641 |   2608 |     33 |    151 |   2062 |   3 |  880.3 |
         Sewer |    190 |    190 |      0 |      0 |    155 |   1 |  190.0 |
               +--------+--------+--------+--------+--------+-----+--------+

Top non-repeatable levels by time:
     D:1: 1354 daAuts
     D:2: 980 daAuts
     D:3: 306 daAuts
   Sewer: 190 daAuts
